AoeStats
← [STT]Kratos_

Arabia

509238097Analyzed
2v2 RM · 6d ago on Sep 26, 2026· 37m 48s· 4 players
Game mode
Random Map
Map size
Medium (4 player)
Population
200
Speed
Normal
Resources
Standard
Victory
Conquest
Starting age
Dark Age
Ending age
Imperial Age
RankedLock teamsTeams togetherTeam positionsShared explorationLock speedFull tech treeHidden civsTurbo modeCheats
Victory
Defeat
🇺🇸 Poles · United States
1220
+38
🇧🇷 Gurjaras · Brazil
1167
+17
🇨🇴 Magyars · Colombia
1232
-18
🇨🇴 Franks · Colombia
1144
-14
[STT]Kratos_
6:50 Loom
9:49 Feudal Age
16:07 Double-Bit Axe
23:30 Castle Age
21:46 Gold Mining
22:36 Forging
22:23 Fletching
23:33 Scale Barding Armor
24:15 Husbandry
27:16 Gold Shaft Mining
26:55 Bow Saw
27:55 Iron Casting
33:08 Chain Barding Armor
32:44 Bodkin Arrow
[STT]STT2 Arandia
5:14 Loom
10:28 Feudal Age
10:56 Double-Bit Axe
11:29 Horse Collar
13:44 Wheelbarrow
24:55 Castle Age
25:00 Scale Barding Armor
25:56 Bow Saw
25:51 Heavy Plow
26:07 Bloodlines
27:07 Gold Mining
31:47 Hand Cart
33:38 Husbandry
33:56 Stone Mining
34:44 Gold Shaft Mining
34:27 Pikeman
M The Beast W
7:01 Loom
9:11 Feudal Age
9:31 Man-at-Arms
10:41 Arson
13:11 Double-Bit Axe
13:54 Horse Collar
21:23 Castle Age
19:53 Forging
20:19 Gold Mining
22:45 Wheelbarrow
22:33 Heavy Plow
22:43 Bow Saw
24:52 Stone Mining
25:28 Hand Cart
25:59 Sanctity
26:41 Stone Shaft Mining
29:13 Fletching
30:32 Bodkin Arrow
30:37 Padded Archer Armor
31:19 Ballistics
35:21 Imperial Age
33:22 Leather Archer Armor
33:58 Thumb Ring
34:10 Murder Holes
34:32 Bloodlines
34:36 Husbandry
35:24 Bloodlines
35:14 Husbandry
36:17 Bracer
37:19 Chemistry
36:42 Conscription
rNy-
8:16 Loom
11:26 Feudal Age
12:22 Double-Bit Axe
12:20 Horse Collar
19:02 Castle Age
18:18 Scale Mail Armor
18:28 Forging
20:26 Bow Saw
20:18 Heavy Plow
22:33 Gold Mining
24:27 Stone Mining
28:35 Bloodlines
29:56 Wheelbarrow
29:50 Husbandry
31:01 Hand Cart
31:22 Kshatriyas
33:50 Iron Casting
33:21 Scale Barding Armor
33:12 Fletching
37:03 Chain Barding Armor
Connection lost

Rejoining the realm…

Still unreachable

The connection could not be restored.

Session expired

The server has moved on; the page needs a fresh start.